 Dungeon Crawl Stone Soup version 0.21.1-1-g345015f (webtiles) character file.

732 shakethe the Skirmisher (level 7, 0/56 HPs)
             Began as a Demonspawn Gladiator on Feb 26, 2018.
             Slain by a centaur (6 damage)
             ... on level 5 of the Dungeon.
             The game lasted 00:05:44 (4638 turns).

shakethe the Skirmisher (Demonspawn Gladiator)      Turns: 4638, Time: 00:05:44

Health: 0/56       AC:  7    Str: 15    XL:     7   Next: 45%
Magic:  7/7        EV: 12    Int: 10    God:
Gold:   242        SH:  0    Dex: 15    Spells: 6/6 levels left

rFire    . . .     SeeInvis .   a - +0 war axe
rCold    . . .     Gourm    .   (no shield)
rNeg     . . .     Faith    .   h - +0 ring mail
rPois    .         Spirit   .   c - +0 helmet
rElec    .         Reflect  .   (no cloak)
rCorr    .         Harm     .   (no gloves)
MR       .....                  e - +0 pair of boots
Stlth    +.........             (no amulet)
HPRegen  0.18/turn              (no ring)
MPRegen  0.10/turn              (no ring)

@: hasted, very quick
A: claws 1, hooves 1, powered by death 2
a: no special abilities


You were on level 5 of the Dungeon.
You were not hungry.

You visited 1 branch of the dungeon, and saw 5 of its levels.

You collected 242 gold pieces.

Inventory:

Hand Weapons
 a - a +0 war axe (weapon)
Missiles
 d - 4 throwing nets {=f, !d}
Armour
 b - a +0 leather armour
 c - a +0 helmet (worn)
 e - a +0 pair of boots (worn)
   (You found it on level 1 of the Dungeon)
 h - a +0 ring mail (worn)
   (You found it on level 1 of the Dungeon)
 A - a +0 chain mail
   (You found it on level 4 of the Dungeon)
Jewellery
 z - a cursed ring of loudness {unknown}
   (You found it on level 4 of the Dungeon)
Scrolls
 g - a scroll of teleportation {unknown}
 j - 2 scrolls of enchant armour {unknown}
 k - 2 scrolls of immolation {unknown}
 n - 3 scrolls of remove curse {unknown}
 p - a scroll of random uselessness {unknown}
 r - 2 scrolls of identify {unknown}
 u - 3 scrolls of enchant weapon {unknown}
 v - a scroll of amnesia {unknown}
 w - a scroll of noise {unknown}
 y - a scroll of fear {unknown}
Potions
 i - a potion of might {unknown}
 l - 2 potions of brilliance {unknown}
 m - a potion of lignification {unknown}
 o - 4 potions of curing {unknown}
 q - a potion of resistance
 s - a potion of ambrosia {unknown}
 t - a potion of haste
 x - a potion of heal wounds {unknown}
Books
 B - a book of Conjurations
   (You found it on level 4 of the Dungeon)
Comestibles
 f - 11 rations
 C - 3 chunks of flesh {@w0@w0}


   Skills:
 + Level 5.0 Fighting
 - Level 4.7 Axes
 - Level 1.7 Throwing
 - Level 3.0 Dodging
 * Level 4.4 Unarmed Combat


You had 6 spell levels left.
You didn't know any spells.

Dungeon Overview and Level Annotations

Branches:
Dungeon (5/15)
 Temple: D:4-7

Altars:
Makhleb


Innate Abilities, Weirdness & Mutations

You have sharp fingernails.
You have large cloven feet.
You regenerate health from kills.


Message History

No target in view!
An orc comes into view. It is wielding a short sword.
The orc shouts!
The orc hits you but does no damage.
You hit the orc. The orc hits you but does no damage.
You closely miss the orc. The orc hits you but does no damage.
You hit the orc. The orc hits you but does no damage.
You slash the orc!
You kill the orc!
No target in view!
No target in view!
No target in view!
You now have 242 gold pieces (gained 17).
Things that are here:
a short sword; a ring mail
There is a stone staircase leading down here.
Found a stone staircase leading down.
No target in view!
There is a stone staircase leading down here.
A leopard gecko comes into view.
The leopard gecko hisses angrily.
A centaur skeleton comes into view.
The leopard gecko bites you but does no damage.
The leopard gecko closely misses you.
You barely miss the leopard gecko.
The leopard gecko bites you but does no damage.
You barely miss the leopard gecko. You hit the centaur skeleton.
The centaur skeleton barely misses you. The leopard gecko closely misses you.
The centaur skeleton closely misses you.
The leopard gecko bites you but does no damage.
A centaur comes into view.
The centaur shouts!
You slash the leopard gecko!
You kill the leopard gecko!
You hit the centaur skeleton but do no damage.
The centaur wields a shortbow.
The centaur shoots an arrow.
The arrow hits you! The centaur skeleton misses you.
The centaur shoots an arrow.
The arrow barely misses you.
You take 8 damage, and have 48/56 hp.
The centaur skeleton barely misses you.
You see here a leopard gecko corpse.
The centaur unwields an uncursed shortbow.
The centaur misses you.
The centaur skeleton barely misses you. x2
The centaur hits you.
You see here an arrow.
You take 2 damage, and have 46/56 hp.
You hit the centaur. You hit the centaur skeleton. The centaur hits you.
The centaur skeleton hits you.
You take 5 damage, and have 41/56 hp.
You hit the centaur but do no damage. You hit the centaur skeleton.
The centaur barely misses you. The centaur skeleton hits you.
The centaur hits you but does no damage.
The centaur skeleton closely misses you.
You take 6 damage, and have 35/56 hp.
You hit the centaur.
You hit the centaur skeleton but do no damage.
The centaur hits you! The centaur skeleton barely misses you.
The centaur hits you but does no damage.
You take 8 damage, and have 27/56 hp.
You barely miss the centaur. You hit the centaur skeleton.
The centaur skeleton closely misses you.
The centaur hits you but does no damage.
The centaur skeleton hits you but does no damage.
The centaur hits you but does no damage.
You barely miss the centaur.
You hit the centaur skeleton but do no damage.
The centaur hits you!
The centaur skeleton closely misses you.
The centaur misses you. The centaur skeleton misses you.
You take 7 damage, and have 20/56 hp.
You barely miss the centaur. You hit the centaur skeleton.
The centaur hits you.
* * * LOW HITPOINT WARNING * * *
The centaur skeleton hits you but does no damage.
The centaur hits you but does no damage.
You take 5 damage, and have 15/56 hp.
You hit the centaur. You hit the centaur skeleton.
The centaur skeleton completely misses you.
The centaur hits you.
* * * LOW HITPOINT WARNING * * *
The centaur skeleton hits you but does no damage.
The centaur hits you!
* * * LOW HITPOINT WARNING * * *
You take 8 damage, and have 7/56 hp.
Okay, then.
You slash the centaur skeleton!
You destroy the centaur skeleton!
You barely miss the centaur. The centaur hits you.
* * * LOW HITPOINT WARNING * * *
You slash the centaur! The centaur misses you. The centaur hits you.
* * * LOW HITPOINT WARNING * * *
You take 2 damage, and have 5/56 hp.
Okay, then.
Okay, then.
It was a potion of haste.
You feel yourself speed up. The centaur barely misses you. x2
Okay, then.
You barely miss the centaur. You claw the centaur, but do no damage.
The centaur hits you.
You die...

######.###.#
#...........#
#.#####.##..#
#.##..#
#.##..# #
#.##..#.#
##.##..#.#
#...c....#
#..##@(### #.
#†.# # #..#
#..# ...#
####


You could see a centaur.

Vanquished Creatures
  A phantom (D:4)
  A scorpion (D:5)
  2 crimson imps
  2 hounds
  4 orc wizards
  4 orc priests
  A centaur skeleton (D:5)
  A hound skeleton (D:4)
  9 adders
  An ooze (D:3)
  2 adder skeletons
  7 dart slugs
  3 leopard geckos
  12 orcs
  2 ball pythons
  6 bats
  5 giant cockroaches
  8 goblins
  3 hobgoblins
  5 jackals
  A quokka (D:2)
  5 frilled lizards
  5 kobolds
  4 rats
94 creatures vanquished.

Notes
Turn   | Place    | Note
-------+----------+-------------------------------------------
     0 | D:1      | shakethe the Demonspawn Gladiator began the quest for the Orb.
     0 | D:1      | Reached XP level 1. HP: 16/16 MP: 1/1
   261 | D:1      | Reached skill level 3 in Axes
   277 | D:1      | Gained mutation: You have sharp fingernails. [demonic ancestry]
   277 | D:1      | Reached XP level 2. HP: 20/22 MP: 2/2
   559 | D:1      | Reached XP level 3. HP: 27/28 MP: 3/3
   971 | D:2      | Reached skill level 3 in Dodging
  1388 | D:2      | Gained mutation: You regenerate a little health from kills. [demonic ancestry]
  1388 | D:2      | Reached XP level 4. HP: 34/34 MP: 4/4
  1790 | D:2      | Reached skill level 3 in Fighting
  1790 | D:2      | Reached skill level 4 in Axes
  2169 | D:3      | Gained mutation: You have large cloven feet. [demonic ancestry]
  2169 | D:3      | Reached XP level 5. HP: 41/41 MP: 5/5
  2488 | D:3      | Reached skill level 1 in Unarmed Combat
  2642 | D:3      | Gained mutation: You regenerate health from kills. [demonic ancestry]
  2642 | D:3      | Reached XP level 6. HP: 35/48 MP: 6/6
  3337 | D:4      | Reached skill level 2 in Unarmed Combat
  3382 | D:4      | Reached skill level 4 in Fighting
  3643 | D:4      | Found a burning altar of Makhleb.
  3701 | D:4      | Reached skill level 3 in Unarmed Combat
  3727 | D:4      | Reached XP level 7. HP: 20/55 MP: 7/7
  4456 | D:5      | Entered Level 5 of the Dungeon
  4537 | D:5      | Reached skill level 4 in Unarmed Combat
  4570 | D:5      | Reached skill level 5 in Fighting
  4634 | D:5      | HP: 14/56 [centaur (1)]
  4636 | D:5      | HP: 5/56 [centaur (3)]
  4638 | D:5      | Slain by a centaur

Skill      XL: |  1  2  3  4  5  6  7 |
---------------+----------------------+-----
Axes           | 3 4 |  4.7
Dodging        | 3 |  3.0
Fighting       | 3 4 5 |  5.0
Unarmed Combat | 1 3 4 |  4.4
Throwing       | |  1.7

Action                   |  1- 3 |  4- 6 |  7- 9 || total
-------------------------+-------+-------+-------++-------
Melee: War axe           |   105 |   162 |    83 ||   350
       Punch             |       |       |     2 ||     2
  Use: Potion            |       |       |     1 ||     1
  Eat: Chunk             |     2 |     7 |     3 ||    12
Armor: Leather armour    |     9 |       |       ||     9
       Ring mail         |    50 |    59 |    42 ||   151
Dodge: Dodged            |    71 |    98 |    71 ||   240

Vault maps used:
D:1:      dpeg_arrival_rooms_a
D:2:      first_ration
D:4:      makhleb_grotto_becter, serial_bayou, serial_bayou_lagoon_a,
          serial_bayou_pond_d, serial_bayou_pond_c, serial_bayou_crossing,
          minmay_cupped
D:5:      uniq_sigmund

Table legend:
 A = Turns spent in this place as a percentage of turns spent in the entire game.
 B = Non-inter-level travel turns spent in this place as a percentage of non-inter-level travel turns spent in the entire game.
 C = Inter-level travel turns spent in this place as a percentage of turns spent in this place.
 D = Turns resting spent in this place as a percentage of non-inter-level travel turns spent in this place.
 E = Turns spent auto-exploring this place as a percentage of non-inter-level travel turns spent in this place.
 F = Non-inter-level travel turns spent in this place divided by the number of levels of this place that you've seen.
                   A       B       C       D       E      F
               +-------+-------+-------+-------+-------+----------------------
         Total | 100.0 | 100.0 |   3.9 |  17.8 |  63.3 | 891.4
       Dungeon | 100.0 | 100.0 |   3.9 |  17.8 |  63.3 | 891.4
               +-------+-------+-------+-------+-------+----------------------

Table legend:
 A = Kills in this place as a percentage of kills in entire the game.
 B = Kills by you in this place as a percentage of kills by you in the entire game.
 C = Kills by friends in this place as a percentage of kills by friends in the entire game.
 D = Other kills in this place as a percentage of other kills in the entire game.
 E = Experience gained in this place as a percentage of experience gained in the entire game.
 F = Experience gained in this place divided by the number of levels of this place that you have seen.
                   A       B       C       D       E      F
               +-------+-------+-------+-------+-------+----------------------
         Total | 100.0 | 100.0 |   N/A |   N/A | 100.0 | 209.4
       Dungeon | 100.0 | 100.0 |   N/A |   N/A | 100.0 | 209.4
               +-------+-------+-------+-------+-------+----------------------
